 Dungeon Crawl Stone Soup version 0.29.0-15-g675c0067aa (webtiles) character file.

Game seed: 6687046464418315282

730 Tsarbomb the Cleaver (level 7, -15/57 HPs)
             Began as a Hill Orc Fighter on Sept 11, 2022.
             Demolished by an ogre
             ... wielding a +0 giant spiked club
              (21 damage)
             ... on level 6 of the Dungeon.
             The game lasted 00:10:53 (6066 turns).

Tsarbomb the Cleaver (Hill Orc Fighter)             Turns: 6066, Time: 00:10:54

Health: -15/57     AC: 11    Str: 21    XL:     7   Next: 73%
Magic:  7/7        EV:  7    Int:  8    God:
Gold:   193        SH:  4    Dex: 10    Spells: 6/6 levels left

rFire   + . .      SeeInvis .   a - +0 war axe
rCold   . . .      Faith    .   c - +0 buckler
rNeg    . . .      Spirit   .   r - +0 chain mail
rPois   .          Reflect  .   (no helmet)
rElec   .          Harm     .   (no cloak)
rCorr   +          Rampage  .   k - +1 pair of gloves
Will    .....                   (no boots)
Stlth   ..........              (no amulet)
HPRegen 0.19/turn               i - ring of protection from fire
MPRegen 0.10/turn               t - ring of resist corrosion

@: mighty
A: no striking features
a: no special abilities


You were on level 6 of the Dungeon.
You visited 2 branches of the dungeon, and saw 7 of its levels.

You collected 193 gold pieces.

Inventory:

Hand Weapons
 a - a +0 war axe (weapon)
 n - a +2 spear of freezing
Missiles
 h - 13 poisoned darts (quivered)
Armour
 b - a +0 scale mail
 c - a +0 buckler (worn)
 k - a +1 pair of gloves (worn)
 r - a +0 chain mail (worn)
Jewellery
 i - a ring of protection from fire (left hand)
 t - a ring of resist corrosion (right hand)
Wands
 q - a wand of iceblast (11)
 u - a wand of flame (23)
 y - a wand of paralysis (5)
Scrolls
 e - 2 scrolls of noise
 f - 3 scrolls of fear {unknown}
 j - a scroll of butterflies {unknown}
 l - a scroll of enchant weapon {unknown}
 p - a scroll of acquirement {unknown}
 v - a scroll of silence {unknown}
 w - 2 scrolls of identify {unknown}
Potions
 d - 3 potions of might
 g - a potion of cancellation {unknown}
 m - 2 potions of flight {unknown}
 o - 2 potions of mutation {unknown}
 s - a potion of brilliance {unknown}
 x - a potion of attraction {unknown}
 z - a potion of lignification {unknown}


   Skills:
 - Level 3.6 Fighting
 + Level 11.1 Axes
 - Level 3.2 Armour
 - Level 3.2 Shields


You had 6 spell levels left.
You didn't know any spells.
Your spell library was empty.

Dungeon Overview and Level Annotations

Branches:
Dungeon (6/15)             Temple (1/1) D:4

Altars:
Cheibriados
Dithmenos
Elyvilon
Fedhas
Gozag
Hepliaklqana
Nemelex Xobeh
Okawaru
Qazlal
Ru
Trog
Vehumet
Wu Jian
Xom
Yredelemnul
Zin

Annotations:
D:4 exclusion: downstairs
D:5 exclusion: door


Message History

You start resting.
HP restored.
There is a stone staircase leading down here.
You climb downwards.
The centaur shoots an arrow.
The arrow hits you but does no damage.
You hear a shout!
There is a stone staircase leading up here.
The centaur shoots an arrow.
The arrow hits you.
An ogre comes into view. It is wielding a +0 giant spiked club.
The centaur unwields a +0 shortbow.
The centaur hits you.
The centaur kicks you but does no damage.
You hit the centaur.
The centaur is moderately wounded.
The centaur hits you.
The centaur kicks you but does no damage.
The centaur hits you. The centaur kicks you.
You barely miss the centaur.
The centaur is moderately wounded.
The centaur hits you but does no damage.
The centaur kicks you but does no damage.
The centaur barely misses you.
The centaur kicks you but does no damage.
You slice the centaur!!
You kill the centaur!
You barely miss the ogre.
The ogre hits you with a +0 giant spiked club!!
Your Axes skill increases to level 11!
You feel very mighty all of a sudden.
The ogre hits you with a +0 giant spiked club!!
* * * LOW HITPOINT WARNING * * *
Things that are here:
a +0 shortbow; a centaur corpse
As you read the scroll labelled PARUUMNAYB, it crumbles to dust.
You hear a loud clanging noise!
It was a scroll of noise.
You hear an angry hiss.
Okay, then.
The ogre attacks as you move away!
The ogre hits you with a +0 giant spiked club!!
You die...

#.......#
#.......#
#.......#
#.......#
.#.#..#..#
.........#
....#..##.# ###
#.....# #(###@#
## #.###O# #<.
#.....#
###.######.####
.........)....#
###........##.#
#.......#..##.#
.......<.......
#########...#...


You could see an ogre.

Vanquished Creatures
  An ogre (D:4)
  A centaur (D:6)
  A phantom (D:5)
  A scorpion (D:5)
  2 gnoll boudas
  2 hounds (D:4)
  4 iguanas
  Robin (D:3)
  8 gnolls
  3 adders
  5 worms
  A dart slug (D:4)
  6 orcs
  6 ball pythons
  7 endoplasms
  3 giant cockroaches
  13 goblins
  5 hobgoblins
  6 kobolds
  5 quokkas
  5 bats
  3 frilled lizards
  7 rats
96 creatures vanquished.

Notes
Turn   | Place    | Note
-------+----------+-------------------------------------------
     0 | D:1      | Tsarbomb the Hill Orc Fighter began the quest for the Orb.
     0 | D:1      | Reached XP level 1. HP: 19/19 MP: 1/1
    67 | D:1      | Reached skill level 3 in Axes
   273 | D:1      | Reached XP level 2. HP: 19/26 MP: 2/2
   408 | D:1      | Reached skill level 4 in Axes
   645 | D:1      | Found a faded altar of an unknown god.
   926 | D:1      | You fall into a shaft and drop 1 floor!
  1171 | D:2      | Reached XP level 3. HP: 14/31 MP: 3/3
  1407 | D:2      | Reached skill level 5 in Axes
  1696 | D:2      | Reached XP level 4. HP: 39/39 MP: 4/4
  1956 | D:3      | Reached skill level 6 in Axes
  2335 | D:3      | Noticed Robin
  2353 | D:3      | Killed Robin
  2354 | D:3      | Reached XP level 5. HP: 28/45 MP: 5/5
  3081 | D:3      | Reached skill level 7 in Axes
  3319 | D:4      | Reached skill level 8 in Axes
  3319 | D:4      | Reached XP level 6. HP: 42/51 MP: 6/6
  3799 | D:4      | Reached skill level 9 in Axes
  4106 | D:4      | Found a staircase to the Ecumenical Temple.
  4115 | Temple   | Entered the Ecumenical Temple
  4115 | Temple   | Found a transporter.
  4115 | Temple   | Found a transporter.
  4117 | Temple   | Found a transporter.
  4117 | Temple   | Found a transporter.
  4461 | D:4      | Found a sparkling altar of Nemelex Xobeh.
  4626 | D:5      | Entered Level 5 of the Dungeon
  4626 | D:5      | Noticed an ice beast
  4659 | D:5      | Found an ornate altar of the Wu Jian Council.
  4729 | D:5      | Reached XP level 7. HP: 22/57 MP: 7/7
  4742 | D:5      | HP: 2/57 [iguana (5)]
  5440 | D:5      | Reached skill level 10 in Axes
  5683 | D:5      | Found a shadowy altar of Dithmenos.
  6059 | D:6      | Reached skill level 11 in Axes
  6066 | D:6      | Demolished by an ogre

Illustrated notes

Levels and vault maps discovered:
D:1:      roderic_octagonal_star, layout_loops_ring,
          dreamdust_ecumenical_altar_angels_and_demons
D:2:      layout_loops_ring
D:3:      layout_loops_ring, grunt_ministairs_11, minmay_misc_feat_rugged,
          uniq_robin
D:4:      layout_loops_cross, mainiacjoe_overflow_tiny_flanked,
          minmay_temple_entry_purple_smoke, sigmund_army
D:5:      layout_gridville, mainiacjoe_overflow_large_starburst
D:6:      minmay_chambers_of_fours, layout_basic, mainiacjoe_overflow_alcove_2,
          chequers_avenue
Temple:   hellmonk_temple_divided_pantheon

Skill      XL: |  1  2  3  4  5  6  7 |
---------------+----------------------+-----
Axes           | 3 4 5 6 8 9 11 | 11.1
Fighting       | |  3.6
Armour         | |  3.2
Shields        | |  3.2

Action                   |  1- 3 |  4- 6 |  7- 9 || total
-------------------------+-------+-------+-------++-------
Melee: War axe           |   122 |   172 |    52 ||   346
  Use: Potion            |       |       |     3 ||     3
       Scroll            |       |       |     1 ||     1
Armor: Scale mail        |    54 |    57 |       ||   111
       Chain mail        |       |    26 |    34 ||    60
Dodge: Dodged            |    43 |    72 |    20 ||   135
Block: Buckler           |    29 |    33 |     7 ||    69
